AoeStats
← 一剑扫秋风nelson

Arena

504697321Analyzed
4v4 RM · 26d ago on Sep 6, 2026· 40m 47s· 8 players
Game mode
Random Map
Map size
Large (8 player)
Population
200
Speed
Normal
Resources
Standard
Victory
Conquest
Starting age
Dark Age
Ending age
Imperial Age
RankedLock teamsTeams togetherTeam positionsShared explorationLock speedFull tech treeHidden civsTurbo modeCheats
Victory
Defeat
🇨🇳 Poles · China
1886
+4
🇨🇳 Koreans · China
1753
+7
🇹🇼 Sicilians · Taiwan
1662
+10
🇬🇧 Maya · United Kingdom
1661
+10
🇪🇸 Armenians · Spain
1608
-10
🇨🇳 Slavs · China
1554
-8
🇨🇳 Franks · China
1520
-7
🇳🇬 Vietnamese · Nigeria
1467
-6
一剑扫秋风nelson
8:38 Feudal Age
8:51 Loom
9:18 Double-Bit Axe
12:58 Fletching
13:47 Horse Collar
21:17 Castle Age
19:41 Gold Mining
19:45 Stone Mining
20:26 Gold Mining
22:08 Heavy Plow
25:48 Wheelbarrow
25:47 Town Watch
26:25 Bow Saw
27:38 Stone Shaft Mining
28:44 Hand Cart
33:19 Imperial Age
31:10 Scale Barding Armor
31:16 Forging
31:53 Bloodlines
31:04 Light Cavalry
32:03 Husbandry
32:24 Chain Barding Armor
33:58 Iron Casting
34:47 Crop Rotation
33:53 Winged Hussar
35:01 Conscription
36:06 Blast Furnace
35:54 Lechitic Legacy
38:01 Capped Ram
胖子事情多
11:06 Feudal Age
14:47 Castle Age
13:44 Double-Bit Axe
14:18 Horse Collar
21:50 Wheelbarrow
22:39 Bow Saw
23:28 Town Watch
24:42 Stone Mining
24:43 Gold Mining
28:31 Imperial Age
26:41 Fletching
27:33 Hand Cart
27:06 Loom
27:40 Heavy Plow
28:01 Bodkin Arrow
28:32 Ballistics
29:35 Eupseong
29:44 Bracer
30:47 Chemistry
31:24 Two-Man Saw
32:48 Masonry
36:48 Architecture
36:04 Arrowslits
35:53 Elite Skirmisher
36:38 Thumb Ring
35:58 Heavy Rocket Cart
36:57 Siege Engineers
37:40 Scale Mail Armor
37:51 Forging
37:43 Squires
37:03 Pikeman
37:29 Gambesons
40:44 Shinkichon
40:44 Conscription
40:54 Chain Mail Armor
41:14 Iron Casting
L
10:28 Feudal Age
14:08 Castle Age
13:02 Double-Bit Axe
13:18 Horse Collar
19:35 Wheelbarrow
21:18 Bow Saw
23:03 Heavy Plow
23:49 Hand Cart
24:03 Gold Mining
26:05 Gold Shaft Mining
25:55 Loom
26:02 Stone Mining
28:08 Stone Shaft Mining
31:24 Imperial Age
28:57 Squires
29:02 Scale Mail Armor
29:12 Forging
28:55 Arson
29:09 Pikeman
30:32 Chain Mail Armor
31:26 First Crusade
31:44 Iron Casting
31:28 Elite Serjeant
31:43 Heavy Scorpion
32:34 Siege Engineers
33:15 Plate Mail Armor
33:46 Blast Furnace
33:39 Conscription
35:08 Fletching
37:31 Chemistry
36:52 Ballistics
39:03 Arrowslits
39:14 Bodkin Arrow
40:54 Masonry
40:45 Bracer
Torpedo
9:36 Loom
11:23 Feudal Age
13:11 Double-Bit Axe
15:34 Castle Age
13:53 Horse Collar
17:21 Bow Saw
19:57 Loom
27:12 Imperial Age
25:09 Fletching
25:34 Masonry
25:51 Bodkin Arrow
26:33 Wheelbarrow
26:04 Gold Mining
26:33 Heavy Plow
26:27 Stone Mining
26:38 Heavy Plow
27:35 Ballistics
28:41 Bracer
28:48 Padded Archer Armor
29:05 Hand Cart
30:07 Town Watch
30:59 Stone Shaft Mining
31:48 Conscription
31:44 Leather Archer Armor
32:00 Architecture
31:43 Elite Plumed Archer
33:27 Chemistry
35:05 Crop Rotation
35:37 Two-Man Saw
35:59 Ring Archer Armor
35:11 Treadmill Crane
36:46 Guilds
37:25 Hoardings
38:32 Coinage
39:06 Murder Holes
Cronos
11:12 Feudal Age
15:06 Castle Age
13:24 Double-Bit Axe
13:44 Horse Collar
16:03 Bow Saw
17:48 Heavy Plow
21:43 Wheelbarrow
23:07 Gold Mining
26:53 Imperial Age
24:10 Town Watch
24:11 Loom
25:30 Forging
25:21 Scale Mail Armor
25:46 Hand Cart
25:24 Stone Mining
26:48 Iron Casting
26:01 Pikeman
26:42 Squires
27:13 Chain Mail Armor
26:56 Arson
27:56 Gold Shaft Mining
27:21 Gambesons
27:04 Halberdier
29:16 Blast Furnace
29:35 Plate Mail Armor
28:59 Fletching
28:32 Man-at-Arms
29:06 Capped Ram
29:44 Long Swordsman
30:36 Siege Ram
30:48 Two-Handed Swordsman
31:45 Champion
33:46 Bodkin Arrow
33:52 Padded Archer Armor
34:13 Ballistics
34:47 Bracer
37:27 Chemistry
36:42 Fereters
37:30 Crossbowman
37:35 Elite Skirmisher
38:25 Onager
40:38 Leather Archer Armor
40:21 Imperial Skirmisher
Rabboni
11:34 Feudal Age
15:45 Castle Age
14:15 Horse Collar
14:21 Double-Bit Axe
17:38 Wheelbarrow
17:37 Bow Saw
17:28 Heavy Plow
22:47 Stone Mining
24:51 Stone Shaft Mining
24:27 Gold Mining
28:11 Imperial Age
26:07 Loom
26:38 Hand Cart
26:09 Town Watch
27:34 Fletching
27:44 Padded Archer Armor
28:06 Ballistics
28:43 Bodkin Arrow
29:17 Paper Money
30:25 Two-Man Saw
29:56 Crop Rotation
30:50 Chemistry
31:14 Bracer
31:43 Siege Engineers
31:35 Elite Rattan Archer
36:33 Leather Archer Armor
36:55 Hoardings
今夜月色真好
11:01 Feudal Age
15:10 Castle Age
13:32 Horse Collar
14:32 Double-Bit Axe
15:30 Loom
19:29 Bow Saw
19:42 Heavy Plow
19:45 Loom
23:08 Wheelbarrow
23:35 Gold Mining
23:36 Stone Mining
24:03 Light Cavalry
24:53 Bloodlines
30:23 Imperial Age
28:12 Husbandry
28:21 Scale Barding Armor
29:09 Gold Shaft Mining
28:28 Loom
29:12 Bloodlines
29:24 Chain Barding Armor
29:57 Fortified Wall
30:31 Forging
30:41 Hussar
31:59 Plate Barding Armor
33:09 Iron Casting
32:51 Hand Cart
34:48 Two-Man Saw
34:59 Blast Furnace
35:11 Elite Boyar
36:21 Conscription
36:13 Scale Mail Armor
36:23 Man-at-Arms
37:18 Squires
37:14 Long Swordsman
38:15 Two-Handed Swordsman
Sandwich
10:46 Feudal Age
13:08 Fletching
13:41 Loom
16:11 Castle Age
21:21 Double-Bit Axe
30:20 Bow Saw
33:28 Wheelbarrow
34:12 Scale Barding Armor
34:29 Light Cavalry
38:00 Imperial Age
35:48 Hand Cart
35:54 Scale Barding Armor
36:00 Forging
36:39 Gold Mining
37:12 Chain Barding Armor
37:03 Husbandry
38:27 Cavalier
39:44 Iron Casting
Connection lost

Rejoining the realm…

Still unreachable

The connection could not be restored.

Session expired

The server has moved on; the page needs a fresh start.